IL
TOLEDO MUD HENS @ COLUMBUS CLIPPERS
07/19/2098
 
TOP OF THE 1ST
Toledo Mud Hens batting - Pitching for Columbus Clippers : LHP Dale Tatem
Pitching: LHP Dale Tatem
Batting: LHB John Castaneda 0-0: Ball
1-0: Ground out 4-3 (Groundball, 4M, EV 94.4 MPH)
Batting: SHB Mike Knighten 0-0: Ball
1-0: Foul Ball, location: 5DF
1-1: Foul Ball, location: 2F
1-2: Strikes out swinging
Batting: RHB Steve Selmon 0-0: Ground out 1-3 (Groundball, 34S, EV 71.3 MPH)
Top of the 1st over - 0 runs, 0 hits, 0 errors, 0 left on base; Toledo 0 - Columbus 0
BOTTOM OF THE 1ST
Columbus Clippers batting - Pitching for Toledo Mud Hens : LHP Orlando Alegria
Pitching: LHP Orlando Alegria
Batting: RHB John Walko 0-0: Ball
1-0: Fly out, F8 (Flyball, 8LM, EV 100.6 MPH)
Batting: RHB Alex Avelar 0-0: Ball
1-0: Fly out, F9 (Flyball, 9, EV 96.9 MPH)
Batting: LHB Donny Liebler 0-0: Foul Ball, location: 9LDF
0-1: SINGLE (Line Drive, 89M, EV 110.0 MPH)
Batting: RHB Bill Meller 0-0: Ball
1-0: Called Strike
1-1: Called Strike
1-2: Ball
2-2: Ground out 6-3 (Groundball, 6S, EV 86.9 MPH)
Bottom of the 1st over - 0 runs, 1 hit, 0 errors, 1 left on base; Toledo 0 - Columbus 0
TOP OF THE 2ND
Toledo Mud Hens batting - Pitching for Columbus Clippers : LHP Dale Tatem
Batting: RHB Carlos Fraire 0-0: Ball
1-0: Called Strike
1-1: Swinging Strike
1-2: Strikes out looking
Batting: LHB Brad Black 0-0: Called Strike
0-1: Ball
1-1: SINGLE (Line Drive, 34D, EV 98.8 MPH)
Batting: RHB Jesus Mendoza 0-0: Swinging Strike
0-1: Ball
1-1: Fly out, F2 (Popup, 23F, EV 92.5 MPH)
Batting: LHB Marcus Peterson 0-0: Ball
1-0: SINGLE (Line Drive, 7S, EV 96.3 MPH)
Brad Black to second
Batting: LHB Justin Kenworthy 0-0: Foul Ball, location: 23F
0-1: Called Strike
0-2: Strikes out swinging
Top of the 2nd over - 0 runs, 2 hits, 0 errors, 2 left on base; Toledo 0 - Columbus 0
BOTTOM OF THE 2ND
Columbus Clippers batting - Pitching for Toledo Mud Hens : LHP Orlando Alegria
Batting: RHB Bill Foulon 0-0: Called Strike
0-1: Ball
1-1: Ground out U3 (Groundball, 3S, EV 83.8 MPH)
Batting: RHB Chris Hubert 0-0: Swinging Strike
0-1: Called Strike
0-2: Strikes out swinging
Batting: LHB Micah Cannon 0-0: Called Strike
0-1: Ball
1-1: Ball
2-1: Ball
3-1: Fly out, F8 (Flyball, 8LD, EV 105.6 MPH)
Bottom of the 2nd over - 0 runs, 0 hits, 0 errors, 0 left on base; Toledo 0 - Columbus 0
TOP OF THE 3RD
Toledo Mud Hens batting - Pitching for Columbus Clippers : LHP Dale Tatem
Batting: LHB Matt Henley 0-0: Ball
1-0: Ground out 4-3 (Groundball, 34D, EV 96.9 MPH)
Batting: LHB John Castaneda 0-0: Called Strike
0-1: Ground out 5-3 (Groundball, 56S, EV 76.3 MPH)
Batting: SHB Mike Knighten 0-0: Called Strike
0-1: Foul Ball, location: 2F
0-2: Ball
1-2: Foul Ball, location: 25FF
1-2: Fly out, F3 (Popup, 3F, EV 62.5 MPH)
Top of the 3rd over - 0 runs, 0 hits, 0 errors, 0 left on base; Toledo 0 - Columbus 0
BOTTOM OF THE 3RD
Columbus Clippers batting - Pitching for Toledo Mud Hens : LHP Orlando Alegria
Batting: RHB Tyler O'Brien 0-0: Ball
1-0: Ball
2-0: Foul Ball, location: 7LSF
2-1: Swinging Strike
2-2: TRIPLE (Line Drive, 9LD, EV 100.0 MPH)
Batting: RHB Trevor Vallee 0-0: Ball
1-0: Ball
2-0: Foul Ball, location: 3FF
2-1: Ground out 3-1 (Groundball, 34S, EV 85.6 MPH)
Pitching: RHP Casey Derr
Batting: RHB John Walko 0-0: Swinging Strike
0-1: Foul Ball, location: 7LSFF
0-2: Strikes out swinging
Batting: RHB Alex Avelar 0-0: Ball
1-0: Ball
2-0: Called Strike
2-1: Ground out 5-3 (Groundball, 56S, EV 86.9 MPH)
Bottom of the 3rd over - 0 runs, 1 hit, 0 errors, 1 left on base; Toledo 0 - Columbus 0
TOP OF THE 4TH
Toledo Mud Hens batting - Pitching for Columbus Clippers : LHP Dale Tatem
Batting: RHB Steve Selmon 0-0: Ball
1-0: Called Strike
1-1: Swinging Strike
1-2: Ball
2-2: Foul Ball, location: 9LDF
2-2: Ball
3-2: SINGLE (Groundball, 3D, EV 93.8 MPH)
Batting: RHB Carlos Fraire 0-0: Ground out 4-3 (Groundball, 34S, EV 65.6 MPH)
Steve Selmon to second
Batting: LHB Brad Black 0-0: Ball
1-0: Ball
2-0: Ball
3-0: Called Strike
3-1: Called Strike
3-2: Foul Ball, location: 25F
3-2: Base on Balls
Batting: RHB Jesus Mendoza 0-0: Ball
1-0: Ball
Steve Selmon steals 3rd base
2-0: Called Strike
2-1: Foul Ball, location: 7LSF
2-2: Foul Ball, location: 2F
2-2: Foul Ball, location: 3FF
2-2: Fly out, F8 (Line Drive, 78M, EV 95.0 MPH)
Runner from 3rd tags up, SCORES, throw by CF
Batting: LHB Marcus Peterson 0-0: Called Strike
0-1: Ball
1-1: Hit by Pitch
Brad Black to second
Batting: LHB Justin Kenworthy 0-0: Ball
1-0: Ball
Wild Pitch!
Brad Black to third
Marcus Peterson to second
2-0: Called Strike
2-1: Swinging Strike
2-2: Ball
3-2: Strikes out swinging
Top of the 4th over - 1 run, 1 hit, 0 errors, 2 left on base; Toledo 1 - Columbus 0
BOTTOM OF THE 4TH
Columbus Clippers batting - Pitching for Toledo Mud Hens : RHP Casey Derr
Batting: LHB Donny Liebler 0-0: Ball
1-0: Foul Ball, location: 2F
1-1: Fly out, F8 (Flyball, 8RM, EV 86.9 MPH)
Batting: RHB Bill Meller 0-0: Called Strike
0-1: Ball
1-1: Called Strike
1-2: Fly out, F6 (Popup, 6M, EV 72.5 MPH)
Batting: RHB Bill Foulon 0-0: Foul Ball, location: 5FF
0-1: Ball
1-1: Swinging Strike
1-2: Strikes out looking
Bottom of the 4th over - 0 runs, 0 hits, 0 errors, 0 left on base; Toledo 1 - Columbus 0
TOP OF THE 5TH
Toledo Mud Hens batting - Pitching for Columbus Clippers : LHP Dale Tatem
Batting: LHB Matt Henley 0-0: Ball
1-0: Called Strike
1-1: Ball
2-1: Ground out 4-3 (Groundball, 4S, EV 86.3 MPH)
Batting: LHB John Castaneda 0-0: Ball
1-0: Called Strike
1-1: Ball
2-1: Called Strike
2-2: Strikes out looking
Batting: SHB Mike Knighten 0-0: Foul Ball, location: 5FF
0-1: Ball
1-1: Ball
2-1: Ball
3-1: Fly out, F8 (Flyball, 8RXD, EV 97.5 MPH)
Top of the 5th over - 0 runs, 0 hits, 0 errors, 0 left on base; Toledo 1 - Columbus 0
BOTTOM OF THE 5TH
Columbus Clippers batting - Pitching for Toledo Mud Hens : RHP Casey Derr
Batting: RHB Chris Hubert 0-0: Swinging Strike
0-1: SINGLE (Groundball, 4MD, EV 94.4 MPH)
Batting: LHB Micah Cannon 0-0: Ball
Passed Ball!
Chris Hubert to second
1-0: Ground out 6-3 (Groundball, 6, EV 88.8 MPH)
Chris Hubert to third
Batting: RHB Tyler O'Brien 0-0: Called Strike
0-1: Called Strike
0-2: Ball
1-2: Strikes out looking
Batting: RHB Trevor Vallee 0-0: Ball
1-0: SINGLE (Line Drive, 34D, EV 97.5 MPH)
Chris Hubert scores
Batting: RHB John Walko 0-0: Swinging Strike
0-1: Ball
1-1: Ball
2-1: Ball
Wild Pitch!
Trevor Vallee to second
3-1: Foul Ball, location: 9LDF
3-2: DOUBLE (Line Drive, 89XD, EV 106.9 MPH)
Trevor Vallee scores
Batting: RHB Alex Avelar 0-0: SINGLE (Groundball, 6MD, EV 100.6 MPH)
John Walko to third
Runner from 3rd tries for Home, SAFE, throw by CF to home
Alex Avelar to second
Batting: LHB Donny Liebler 0-0: Ball
1-0: Fly out, F2 (Popup, 25F, EV 86.3 MPH)
Bottom of the 5th over - 3 runs, 4 hits, 0 errors, 1 left on base; Toledo 1 - Columbus 3
TOP OF THE 6TH
Toledo Mud Hens batting - Pitching for Columbus Clippers : LHP Dale Tatem
Batting: RHB Steve Selmon 0-0: Ball
1-0: Foul Ball, location: 9LMF
1-1: Swinging Strike
1-2: Strikes out swinging
Batting: RHB Carlos Fraire 0-0: Ball
1-0: Ball
2-0: Foul Ball, location: 3FF
2-1: Ball
3-1: Fly out, F8 (Flyball, 8RM, EV 83.1 MPH)
Batting: LHB Brad Black 0-0: Ball
1-0: Ball
2-0: Ball
3-0: Base on Balls
Batting: RHB Jesus Mendoza 0-0: Called Strike
0-1: Ball
1-1: Ball
2-1: Ground out 4-3 (Groundball, 4, EV 103.1 MPH)
Top of the 6th over - 0 runs, 0 hits, 0 errors, 1 left on base; Toledo 1 - Columbus 3
BOTTOM OF THE 6TH
Columbus Clippers batting - Pitching for Toledo Mud Hens : RHP Casey Derr
Pitching: RHP Federico Rodriguez
Batting: RHB Bill Meller 0-0: Swinging Strike
0-1: Ball
1-1: Fly out, F7 (Flyball, 78D, EV 100.0 MPH)
Batting: RHB Bill Foulon 0-0: Ball
1-0: Ball
2-0: Ball
3-0: Called Strike
3-1: Swinging Strike
3-2: Strikes out swinging
Batting: RHB Chris Hubert 0-0: Ball
1-0: Foul Ball, location: 3DF
1-1: Called Strike
1-2: Ground out 6-3 (Groundball, 56, EV 104.4 MPH)
Bottom of the 6th over - 0 runs, 0 hits, 0 errors, 0 left on base; Toledo 1 - Columbus 3
TOP OF THE 7TH
Toledo Mud Hens batting - Pitching for Columbus Clippers : LHP Dale Tatem
Batting: LHB Marcus Peterson 0-0: Called Strike
0-1: Foul Ball, location: 7LDF
0-2: Ball
1-2: Foul Ball, location: 7LSFF
1-2: Ball
2-2: Ball
3-2: DOUBLE (Line Drive, 89XD, EV 103.1 MPH)
Batting: LHB Justin Kenworthy 0-0: DOUBLE (Flyball, 89XD, EV 95.0 MPH)
Marcus Peterson scores
Batting: RHB Tomoshi Matsuo 0-0: Ball
1-0: Fly out, F9 (Flyball, 9S, EV 92.5 MPH)
Batting: LHB John Castaneda 0-0: Ball
1-0: Ball
2-0: Foul Ball, location: 2F
2-1: Foul Ball, location: 7LDF
2-2: Ball
3-2: Fly out, F6 (Popup, 56D, EV 49.4 MPH)
Batting: SHB Mike Knighten 0-0: Called Strike
0-1: Foul Ball, location: 9LDF
0-2: Ball
1-2: Foul Ball, location: 3FF
1-2: Ball
2-2: Strikes out swinging
Top of the 7th over - 1 run, 2 hits, 0 errors, 1 left on base; Toledo 2 - Columbus 3
BOTTOM OF THE 7TH
Columbus Clippers batting - Pitching for Toledo Mud Hens : RHP Federico Rodriguez
Batting: LHB Micah Cannon 0-0: Ball
1-0: Called Strike
1-1: Called Strike
1-2: Strikes out swinging
Batting: RHB Tyler O'Brien 0-0: Fly out, F8 (Flyball, 8LD, EV 100.0 MPH)
Batting: RHB Trevor Vallee 0-0: Foul Ball, location: 2LF
0-1: Called Strike
0-2: Ball
1-2: Foul Ball, location: 2F
1-2: Ball
2-2: Ball
3-2: Foul Ball, location: 3F
3-2: Base on Balls
Batting: RHB John Walko 0-0: Called Strike
0-1: Foul Ball, location: 2F
0-2: Foul Ball, location: 2F
0-2: Ball
1-2: Ground out 5-3 (Groundball, 56S, EV 67.5 MPH)
Bottom of the 7th over - 0 runs, 0 hits, 0 errors, 1 left on base; Toledo 2 - Columbus 3
TOP OF THE 8TH
Toledo Mud Hens batting - Pitching for Columbus Clippers : LHP Dale Tatem
Pitching: RHP Jorge Castro
Batting: RHB Steve Selmon 0-0: Ball
1-0: Ball
2-0: Ball
3-0: SINGLE (Line Drive, 8LS, EV 91.9 MPH)
Batting: RHB Carlos Fraire 0-0: Ball
1-0: SINGLE (Groundball, 6MD, EV 98.1 MPH)
Steve Selmon to second
Runner from 2nd tries for 3rd, SAFE, no throw by CF
Pitching: LHP Joe Rutter
Batting: LHB Brad Black 0-0: Called Strike
0-1: Ball
1-1: Foul Ball, location: 5DF
1-2: Strikes out swinging
Batting: RHB Jesus Mendoza 0-0: Ball
1-0: Ball
2-0: Ball
3-0: Called Strike
3-1: Called Strike
3-2: Strikes out swinging
Batting: LHB Marcus Peterson 0-0: Ball
1-0: Fly out, F7 (Flyball, 78M, EV 86.9 MPH)
Top of the 8th over - 0 runs, 2 hits, 0 errors, 2 left on base; Toledo 2 - Columbus 3
BOTTOM OF THE 8TH
Columbus Clippers batting - Pitching for Toledo Mud Hens : RHP Federico Rodriguez
Batting: RHB Alex Avelar 0-0: Called Strike
0-1: Called Strike
0-2: Ball
1-2: Strikes out swinging
Batting: LHB Donny Liebler 0-0: Ball
1-0: Ball
2-0: Called Strike
2-1: Ball
3-1: Base on Balls
Batting: RHB Bill Meller 0-0: Swinging Strike
0-1: Called Strike
0-2: Foul Ball, location: 25FF
0-2: Strikes out swinging
Pinch Hitting: LHB Zachary Moody 0-0: SINGLE (Groundball, 3D, EV 104.4 MPH)
Donny Liebler to second
Runner from 2nd tries for 3rd, SAFE, throw by RF made to third
Batting: RHB Chris Hubert 0-0: Ball
1-0: Foul Ball, location: 2F
1-1: Ball
2-1: Swinging Strike
2-2: Strikes out swinging
Bottom of the 8th over - 0 runs, 1 hit, 0 errors, 2 left on base; Toledo 2 - Columbus 3
TOP OF THE 9TH
Toledo Mud Hens batting - Pitching for Columbus Clippers : LHP Joe Rutter
Now at 1B: Steve Hans
Batting: LHB Justin Kenworthy 0-0: Called Strike
0-1: Foul Ball, location: 7LDF
0-2: Strikes out looking
Batting: RHB Tomoshi Matsuo 0-0: Ball
1-0: Foul Ball, location: 2F
1-1: SINGLE (Line Drive, 89M, EV 105.6 MPH)
Batting: LHB John Castaneda 0-0: Ball
1-0: Swinging Strike
1-1: Foul Ball, location: 7LMF
1-2: SINGLE (Line Drive, 34, EV 100.6 MPH)
Tomoshi Matsuo to second
Batting: SHB Mike Knighten 0-0: Swinging Strike
0-1: Ball
1-1: Called Strike
1-2: Strikes out swinging
Batting: RHB Steve Selmon 0-0: Foul Ball, location: 9LSF
0-1: Called Strike
0-2: Fielders Choice at 2nd, 5-4 (Groundball, 56, EV 88.8 MPH)
Top of the 9th over - 0 runs, 2 hits, 0 errors, 2 left on base; Toledo 2 - Columbus 3
Wednesday, April 10th , 2024 - OOTP Baseball 24.11 Build 85